AoeStats
← Wight is Right

Arena

509509781Analyzed
3v3 RM · 4d ago on Sep 27, 2026· 41m 36s· 6 players
Game mode
Random Map
Map size
Normal (6 player)
Population
200
Speed
Normal
Resources
Standard
Victory
Conquest
Starting age
Dark Age
Ending age
Imperial Age
RankedLock teamsTeams togetherTeam positionsShared explorationLock speedFull tech treeHidden civsTurbo modeCheats
Victory
Defeat
🇨🇦 Danes · Canada
1135
+13
🇨🇦 Britons · Canada
1135
+13
🇨🇦 Franks · Canada
1052
+17
🇺🇸 Magyars · United States
1119
-16
🇦🇺 Burmese · Australia
1054
-14
🇨🇦 Turks · Canada
1047
-13
Nutteralex
13:41 Feudal Age
17:55 Castle Age
24:44 Double-Bit Axe
24:46 Horse Collar
31:56 Imperial Age
victorod123
11:53 Feudal Age
17:40 Castle Age
15:36 Double-Bit Axe
15:34 Horse Collar
15:46 Stone Mining
20:16 Scale Barding Armor
21:00 Gold Mining
22:24 Corvinian Army
24:10 Bow Saw
24:01 Heavy Plow
28:12 Wheelbarrow
28:32 Chain Barding Armor
33:13 Imperial Age
32:12 Hand Cart
34:29 Plate Barding Armor
33:20 Elite Magyar Huszar
34:22 Conscription
35:49 Conscription
38:07 Gold Shaft Mining
39:51 Two-Man Saw
39:23 Crop Rotation
38:54 Fletching
richnoob575
11:30 Feudal Age
15:43 Castle Age
16:18 Scale Barding Armor
16:29 Horse Collar
18:24 Forging
25:23 Fletching
28:39 Loom
29:31 Wheelbarrow
31:02 Bodkin Arrow
30:37 Elite Skirmisher
The Dark Wight
7:38 Loom
10:22 Feudal Age
11:34 Double-Bit Axe
11:46 Gold Mining
15:27 Wheelbarrow
16:49 Horse Collar
24:10 Castle Age
23:52 Fletching
24:03 Padded Archer Armor
25:23 Bodkin Arrow
25:06 Crossbowman
34:14 Hand Cart
34:59 Town Watch
37:52 Imperial Age
38:35 Bracer
39:13 Arbalester
40:49 Ballistics
42:25 Chemistry
Wight is Right
1:23 Loom
13:28 Feudal Age
14:22 Double-Bit Axe
19:26 Gold Mining
20:06 Fletching
22:40 Castle Age
21:03 Scale Barding Armor
20:56 Stone Mining
24:26 Gold Shaft Mining
24:08 Bow Saw
25:53 Husbandry
27:28 Crossbowman
28:17 Murder Holes
28:52 Light Cavalry
33:37 Bodkin Arrow
33:54 Forging
33:51 Padded Archer Armor
39:32 Wheelbarrow
39:27 Chain Barding Armor
Alexander Wight
10:23 Feudal Age
8:57 Loom
14:31 Castle Age
13:00 Double-Bit Axe
16:47 Horse Collar
22:18 Bow Saw
22:44 Scale Mail Armor
27:46 Chain Mail Armor
27:57 Gold Mining
28:18 Arson
29:33 Heavy Plow
34:03 Wheelbarrow
33:42 Hamask
35:32 Forging
35:26 Squires
35:12 Gambesons
38:23 Iron Casting
42:11 Imperial Age
Connection lost

Rejoining the realm…

Still unreachable

The connection could not be restored.

Session expired

The server has moved on; the page needs a fresh start.